 Dungeon Crawl Stone Soup version 0.32-a0-485-g70f7560b1c (webtiles) character file.

Game seed: 5397393621855592820

15 caek the Trooper (level 2, 0/24 HPs)
             Began as a Coglin Chaos Knight on Feb 26, 2024.
             Was a Plaything of Xom.
             Slain by an iron imp (9 damage)
             ... summoned by Xom
             ... on level 1 of the Dungeon.
             The game lasted 00:00:31 (470 turns).

caek the Trooper (Coglin Chaos Knight)               Turns: 470, Time: 00:00:32

Health: 0/24       AC:  5    Str: 12    XL:     2   Next: 50%
Magic:  2/2        EV: 11    Int: 11    God:    Xom [*.....]
Gold:   69         SH:  0    Dex: 13    Spells: 1/1 levels left

rFire   . . .        a - +0 hand axe (chaos) {Tae}
rCold   . . .        (no shield)
rNeg    . . .        b - +2 leather armour
rPois   .            (no helmet)
rElec   .            (no cloak)
rCorr   .            (no gloves)
SInv    .            (no boots)
Will    .....        (no amulet)
Stlth   +            (ring unavailable)
HPRegen 0.24/turn    (ring unavailable)
MPRegen 0.08/turn

%: no passive effects
@: revved
A: off-hand wielding, slow wielding, warmup strikes, no rings
a: Renounce Religion


You were on level 1 of the Dungeon.
You worshipped Xom.
You were a special plaything of Xom.
You visited 1 branch of the dungeon, and saw 1 of its levels.

You collected 69 gold pieces.

Inventory:

Hand Weapons
 a - a +0 hand axe of chaos (weapon) {Tae}
Armour
 b - a +2 leather armour (worn)
Scrolls
 c - a scroll of butterflies
 d - 2 scrolls of identify {unknown}
 f - a scroll of enchant armour {unknown}
Potions
 e - a potion of invisibility {unknown}


   Skills:
 + Level 3.4 Fighting
 + Level 3.4 Axes
 - Level 1.7 Armour
 - Level 0.8 Dodging


You had one spell level left.
You didn't know any spells.
Your spell library was empty.

Dungeon Overview and Level Annotations

Branches:
Dungeon (1/15)

Altars:


Innate Abilities, Weirdness & Mutations

You can wield a second weapon in your off-hand.
It takes a long time for you to wield or remove held weapons.
Your first few attacks do less damage.
Your grasper-arms cannot wear rings.


Message History

The quokka closely misses you.
You catch the helpless quokka completely off-guard!
You hit the quokka.
You kill the quokka! "Let's see if it's strong enough to survive yet."
There are monsters nearby!
You hit the iron imp.
The iron imp seems to speed up.
The iron imp is lightly wounded.
The iron imp laughs crazily.
The iron imp barely misses you.
You hit the iron imp.
The iron imp is moderately wounded.
The iron imp misses you. The iron imp hits you!
You barely miss the iron imp.
The iron imp is moderately wounded.
The iron imp hits you!
* * * LOW HITPOINT WARNING * * *
You hit the iron imp.
The iron imp looks weaker.
The iron imp is moderately wounded.
The iron imp barely misses you.
You barely miss the iron imp.
The iron imp is moderately wounded.
The iron imp hits you but does no damage.
The iron imp shouts, "Fly, thou surly weeb-spouting nert!"
You hit the iron imp but do no damage.
The iron imp seems to slow down.
The iron imp is moderately wounded.
The iron imp hits you but does no damage.
You slash the iron imp!
The iron imp blinks!
The iron imp is severely wounded.
You hit the iron imp.
The iron imp convulses.
You kill the iron imp!
The iron imp degenerates into a cloud of primal chaos!
You hit the iron imp.
The iron imp is moderately wounded.
The iron imp misses you.
You hit the iron imp.
The iron imp is heavily wounded.
The iron imp hits you!
You die...
Xom yawns loudly!

##+# #.### #.# #...## #... #.###
.....## #..# #...# # ......##
#..## ###[## #
.......####...####.######...####.
.......'.......................+.
.......####.†..###.####...†...##.
......## ##.#.###.# #.........#
.....## #...5@..# #..#.##.#.#
#...## ##..##.#####..#....#.#
##'## #..# .# #....###..... ##.#
#...# .# #............ ...# #..##
.# #.......##### #..## #.. .#
#.....##..... ##..## #.. .#
#............ #....# #.# ##
#............ ....##
#...........(


You could see an iron imp (summoned).

Vanquished Creatures
  A dart slug (D:1)
  A hobgoblin (D:1)
  4 jackals (D:1)
  4 quokkas (D:1)
10 creatures vanquished.

Notes
Turn   | Place    | Note
-------+----------+-------------------------------------------
     0 | D:1      | caek the Coglin Chaos Knight began the quest for the Orb.
     0 | D:1      | Reached XP level 1. HP: 18/18 MP: 1/1
   141 | D:1      | XOM: divination: magic mapping
   240 | D:1      | Reached XP level 2. HP: 24/24 MP: 2/2
   457 | D:1      | XOM: summons 2 hostile demons
   470 | D:1      | Slain by an iron imp

Illustrated notes

Levels and vault maps discovered:
D:1:      dpeg_arrival_solitude, layout_loops_corners, serial_shops,
          shop_fountains, minmay_misc_feat_rows

Action                     || total
---------------------------++-------
  Melee: Hand axe          ||    46
   Stab: Confused          ||     2
 Armour: Leather armour    ||    26
  Dodge: Dodged            ||    32

Table legend: (Time is in decaauts)
 A = Elapsed time spent in this place.
 B = Non-inter-level travel time spent in this place.
 C = Inter-level travel time spent in this place.
 D = Time resting spent in this place.
 E = Time spent auto-exploring this place.
 F = Levels seen in this place.
 G = Mean time per level.
                   A        B        C        D        E       F      G
               +--------+--------+--------+--------+--------+-----+--------+
         Total |    475 |    475 |      0 |      0 |    379 |   1 |  475.0 |
       Dungeon |    475 |    475 |      0 |      0 |    379 |   1 |  475.0 |
               +--------+--------+--------+--------+--------+-----+--------+

Top non-repeatable levels by time:
     D:1: 475 daAuts
